 Dungeon Crawl Stone Soup version 0.29-a0-359-g541a27f54d (webtiles) character file.

Game seed: 13295190961982631073

3025 jlumianski the Covered (level 9, -10/68 HPs)
             Began as a Demonspawn Fighter on Apr 27, 2022.
             Was a Priest of Lugonu.
             Mangled by an orc warlord
             ... wielding a +0 battleaxe
              (21 damage)
             ... in a bailey.
             The game lasted 00:27:51 (6395 turns).

jlumianski the Covered (Demonspawn Fighter)         Turns: 6395, Time: 00:27:52

Health: -10/68     AC: 20    Str: 18    XL:     9   Next: 55%
Magic:  11/12      EV:  9    Int: 11    God:    Lugonu [***...]
Gold:   484        SH:  6    Dex: 14    Spells: 8/8 levels left

rFire   . . .      SeeInvis +   H - +3 long sword (vamp)
rCold   . . .      Faith    .   c - +1 buckler
rNeg    + . .      Spirit   .   w - +0 pearl dragon scales
rPois   .          Reflect  .   t - +2 helmet
rElec   .          Harm     .   (no cloak)
rCorr   .          Rampage  .   E - +1 pair of gloves
Will    .....                   (no boots)
Stlth   ..........              (no amulet)
HPRegen 0.21/turn               h - ring of see invisible
MPRegen 0.13/turn               (no ring)

@: mighty
A: thin metallic scales 1, powered by death 2, powered by pain 3, demonic touch
1
a: Renounce Religion, Depart the Abyss, Bend Space, Banish


You were in a bailey.
You worshipped Lugonu.
Lugonu was most pleased with you.
You visited 1 branch of the dungeon, and saw 7 of its levels.
You visited the Abyss 1 time.
You also visited: Bailey.

You collected 484 gold pieces.

Inventory:

Hand Weapons
 a - a +0 war axe
 r - a +0 whip of electrocution
 s - a +5 short sword of speed
 u - a +1 dagger of distortion
 x - the +1 spear "Vecw" {vorpal, *Rage rC+++ Will- Dex+10}
   (You found it on level 3 of the Dungeon)

   It inflicts extra damage upon your enemies.
   Dex:       It affects your dexterity (+10).
   rC:        It renders you almost immune to cold.
   *Rage:     It berserks you when you make melee attacks (+20% chance).
   Will:      It decreases your willpower.
 B - a +4 mace of venom
 H - a +3 vampiric long sword (weapon)
 M - the +0 dagger "Demonbane" {venom, Str+9 Int-2 Dex+4}
   (You found it on level 7 of the Dungeon)

   It poisons the flesh of those it strikes.
   Str:       It affects your strength (+9).
   Int:       It affects your intelligence (-2).
   Dex:       It affects your dexterity (+4).
 P - a +0 broad axe
Missiles
 f - 107 stones
 l - 3 curare-tipped darts
 K - 6 poisoned darts
 O - 17 boomerangs (quivered)
Armour
 b - a +0 scale mail
 c - a +1 buckler (worn)
 e - a +0 plate armour
 p - a +0 helmet
 t - a +2 helmet (worn)
 w - +0 pearl dragon scales (worn)
 E - a +1 pair of gloves (worn)
Jewellery
 h - a ring of see invisible (left hand)
 m - a ring of ice
Wands
 v - a wand of polymorph (1)
 y - a wand of iceblast (1)
 C - a wand of mindburst (12)
Scrolls
 q - a scroll of magic mapping
 z - a scroll of fear
 F - 6 scrolls of teleportation
 G - 2 scrolls of amnesia
 I - 2 scrolls of noise
 N - 2 scrolls of blinking
 Q - a scroll of enchant armour
Potions
 g - a potion of degeneration
 i - a potion of lignification
 j - 6 potions of curing
 k - a potion of haste
 n - a potion of heal wounds
 o - a potion of mutation
 A - a potion of flight
 D - 2 potions of attraction
 J - a potion of resistance {unknown}
 L - a potion of cancellation
 R - a potion of magic {unknown}


   Skills:
 + Level 5.5 Fighting
 + Level 5.2(6.1) Short Blades
 + Level 4.8(5.9) Long Blades
 + Level 4.0 Axes
 + Level 0.3 Throwing
 + Level 5.9 Armour
 + Level 2.3 Dodging
 + Level 2.0 Stealth
 + Level 4.3 Shields
 - Level 4.4 Invocations


You had 8 spell levels left.
You didn't know any spells.
Your spell library contained the following spells:

 Spells                   Type           Power      Damage    Failure   Level
 Summon Small Mammal      Summ           0%         N/A       86%         1
 Call Canine Familiar     Summ           0%         N/A       99%         3
 Spider Form              Tmut/Pois      0%         N/A       99%         3


Dungeon Overview and Level Annotations

Branches:
Dungeon (7/15)             Temple (0/1) D:6          Bailey (1/1)

Altars:
Kikubaaqudgha


Innate Abilities, Weirdness & Mutations

You are partially covered in thin metallic scales. (AC +2)
You regenerate health from kills.
You are powered by pain.
Your touch may inflict minor irresistible damage on your foes.


Message History

You block the orc warlord's attack.
You closely miss the orc warlord.
The orc warlord is moderately wounded.
You block the orc warlord's attack.
You slash the orc warlord!
The orc warlord is moderately wounded.
The orc warlord hits you with a +0 battleaxe.
You slash the orc warlord!
The orc warlord is heavily wounded.
The orc warlord hits you with a +0 battleaxe!!
* * * LOW HITPOINT WARNING * * *
Space bends violently around you!
You blink.
Aiming: Mindburst
Press: ? - help, Shift-Dir - straight line, f - orc warlord
Aim: an orc warlord, wielding a +0 battleaxe and wearing a +0 ring mail (heavily wounded, chance to affect: 29%)
Okay, then.
Unknown command.
Aiming: Iceblast
Press: ? - help, Shift-Dir - straight line, f - orc warlord
Aim: an orc warlord, wielding a +0 battleaxe and wearing a +0 ring mail (heavily wounded)
The mass of ice explodes!
The iceblast engulfs the orc warlord!
The orc warlord is heavily wounded.
Aiming: Iceblast
Press: ? - help, Shift-Dir - straight line, f/p - orc warlord
Aim: an orc warlord, wielding a +0 battleaxe and wearing a +0 ring mail (heavily wounded)
The mass of ice explodes!
The iceblast engulfs the orc warlord!
The orc warlord is heavily wounded.
Okay, then.
Unknown command.
You feel much better.
Okay, then.
You slash the orc warlord!
You feel better.
The orc warlord is severely wounded.
The orc warlord hits you with a +0 battleaxe!!
* * * LOW HITPOINT WARNING * * *
You hit the orc warlord but do no damage.
The orc warlord is severely wounded.
You block the orc warlord's attack.
The orc warlord hits you with a +0 battleaxe!!
You die...

..≈≈≈.# ≈.8...8.≈ #.≈≈≈...♣
..###'###.......###'###..♣♣
.##....#≈.8...8.≈#....##.♣
##.....#≈≈≈≈≈≈≈≈≈#.....##♣
#......####≈≈≈####......##
...8......#'''#......8...#
.......).................#
.......)...........))....#
#..8..8........o@.8..8..##
##.......#######.......##
##.....## ##.....## ##...##
##...## ##### #####


You could see an orc warlord.

Vanquished Creatures
  5 yaks (D:5)
  Duvessa (D:5)
  An ice beast (D:7)
  4 orc warriors (Bailey)
  2 sky beasts
  3 ogres (D:6)
  2 phantoms
  2 bullfrogs
  A necrophage (D:7)
  2 scorpions
  Dowan (D:5)
  A wight (D:4)
  3 jellies
  5 hounds
  An orc priest (D:4)
  3 iguanas
  6 orc wizards
  Robin (D:2)
  3 adders
  5 gnolls
  A shadow imp (D:6)
  2 white imps (D:5)
  An ufetubus (D:2)
  2 worms (D:2)
  7 dart slugs
  15 orcs
  4 bats
  14 endoplasms
  3 giant cockroaches
  10 goblins
  10 hobgoblins
  6 jackals (D:2)
  24 kobolds
  3 quokkas
  5 ball pythons
  7 frilled lizards
  9 rats
175 creatures vanquished.

Notes
Turn   | Place    | Note
-------+----------+-------------------------------------------
     0 | D:1      | jlumianski the Demonspawn Fighter began the quest for the
                  | Orb.
     0 | D:1      | Reached XP level 1. HP: 18/18 MP: 1/1
    50 | D:1      | Upgraded the game from 0.29-a0-356-g7bc237e783 to
                  | 0.29-a0-359-g541a27f54d
   211 | D:1      | Gained mutation: You regenerate a little health from kills.
                  | [demonic ancestry]
   211 | D:1      | Reached XP level 2. HP: 21/24 MP: 2/2
   618 | D:1      | Found a faded altar of an unknown god.
   655 | D:1      | Gained mutation: You are partially covered in thin metallic
                  | scales. (AC +2) [demonic ancestry]
   655 | D:1      | Reached XP level 3. HP: 29/29 MP: 3/3
   673 | D:1      | Got Sif Muna's Reference Book on Moulding and Creation
  1220 | D:2      | Reached XP level 4. HP: 35/35 MP: 4/4
  1623 | D:2      | Noticed Robin
  1636 | D:2      | Cast into level 1 of the Abyss (goblin)
  1638 | Abyss:1  | Found a corrupted altar of Lugonu.
  1643 | Abyss:1  | Found a corrupted altar of Lugonu.
  1655 | Abyss:1  | Became a worshipper of Lugonu the Unformed
  1655 | Abyss:1  | Reached * piety under Lugonu
  1657 | D:2      | Escaped the Abyss
  1663 | D:2      | Killed Robin
  2604 | D:4      | Noticed a phantom
  2630 | D:3      | Killed a phantom
  2631 | D:3      | Gained mutation: You regenerate health from kills. [demonic
                  | ancestry]
  2631 | D:3      | Reached XP level 5. HP: 37/42 MP: 5/5
  2842 | D:3      | Identified the +1 spear "Vecw" {vorpal, *Rage rC+++ Will-
                  | Dex+10}
  2894 | D:4      | Reached skill level 1 in Short Blades
  2937 | D:5      | Entered Level 5 of the Dungeon
  2957 | D:4      | Noticed a phantom
  2982 | D:4      | Killed a phantom
  2983 | D:4      | Reached skill level 1 in Stealth
  2983 | D:4      | Gained mutation: Your touch may inflict minor irresistible
                  | damage on your foes. [demonic ancestry]
  2983 | D:4      | Reached XP level 6. HP: 35/48 MP: 6/6
  3026 | D:4      | Noticed a sky beast
  3053 | D:3      | Killed a sky beast
  3115 | D:4      | Noticed a sky beast
  3132 | D:4      | Killed a sky beast
  3133 | D:4      | Gained mutation: You sometimes gain a little power by
                  | taking damage. [demonic ancestry]
  3133 | D:4      | Reached XP level 7. HP: 53/53 MP: 7/7
  3437 | D:4      | Reached skill level 1 in Dodging
  3683 | D:4      | Reached ** piety under Lugonu
  3988 | D:5      | Reached skill level 1 in Invocations
  4190 | D:6      | Found an ancient bone altar of Kikubaaqudgha.
  4212 | D:6      | Gained mutation: You sometimes gain power by taking damage.
                  | [demonic ancestry]
  4212 | D:6      | Reached XP level 8. HP: 61/61 MP: 9/9
  4449 | D:5      | Reached skill level 1 in Long Blades
  4449 | D:5      | Reached skill level 5 in Armour
  4456 | D:5      | Reached skill level 5 in Short Blades
  4470 | D:5      | Reached skill level 5 in Fighting
  4990 | D:6      | Found a staircase to the Ecumenical Temple.
  5211 | D:6      | Gained mutation: You are powered by pain. [demonic
                  | ancestry]
  5211 | D:6      | Reached XP level 9. HP: 68/68 MP: 12/12
  5269 | D:6      | Noticed Duvessa
  5271 | D:6      | Noticed Dowan
  5309 | D:5      | Killed Duvessa
  5327 | D:5      | Killed Dowan
  5919 | D:7      | Found a flagged portal.
  5998 | D:7      | Identified the +0 dagger "Demonbane" {venom, Str+9 Int-2
                  | Dex+4}
  6058 | D:7      | Reached *** piety under Lugonu
  6084 | Bailey   | Entered a bailey
  6108 | Bailey   | Noticed an orc warlord
  6260 | Bailey   | Found a runed translucent gate.
  6265 | Bailey   | Found a runed translucent gate.
  6281 | Bailey   | Found a runed translucent gate.
  6395 | Bailey   | Mangled by an orc warlord

Illustrated notes

Levels and vault maps discovered:
D:1:      amcnicky_arrival_choice, layout_basic,
          shapermc_ecumenical_altar_starsandcircs
D:2:      layout_loops_ring, corexii_leaking_fountain,
          wander_ebering_terrifying_dragon_lair, uniq_robin
D:3:      layout_basic
D:4:      minmay_angry_zag, layout_cave_pools, minmay_joined_circles
D:5:      layout_loops_ring
D:6:      layout_cave_pools, minmay_temple_entry_glassed_door, serial_park,
          serial_park_avenue1, serial_park_square2, serial_park_tiny_2,
          serial_park_gazebo [serial_park_minivault_5x5_3],
          hangedman_decor_clover_reticule, minmay_hedge_maze,
          corexii_item_surrounded_by_moat, uniq_duvessa
D:7:      layout_rooms, enter_bailey_8
Bailey:   bailey_axe_bossmonster_kennysheep, bailey

Skill      XL: |  1  2  3  4  5  6  7  8  9 |
---------------+----------------------------+-----
Axes           | 2 3 4 |  4.0
Armour         | 3 4 5 |  5.9
Shields        | 3 4 |  4.3
Short Blades   | 2 3 4 5 |  5.2
Stealth        | 1 2 |  2.0
Dodging        | 1 2 |  2.3
Fighting       | 4 5 |  5.5
Invocations    | 2 4 |  4.4
Long Blades    | 2 4 |  4.8
Throwing       | |  0.3

Action                   |  1- 3 |  4- 6 |  7- 9 || total
-------------------------+-------+-------+-------++-------
Melee: War axe           |   112 |    41 |       ||   153
       Short sword       |       |   107 |   141 ||   248
       Long sword        |       |       |   269 ||   269
Throw: Stone             |     1 |       |     4 ||     5
       Boomerang         |       |       |     1 ||     1
Invok: Depart the Abyss  |       |     1 |       ||     1
       Bend Space        |       |       |     1 ||     1
Evoke: Wand              |       |       |     2 ||     2
  Use: Scroll            |       |     6 |    10 ||    16
       Potion            |       |     3 |     4 ||     7
Armor: Scale mail        |    73 |    20 |       ||    93
       Pearl dragon scal |       |    36 |   201 ||   237
       Plate armour      |       |     4 |       ||     4
Dodge: Dodged            |    51 |    44 |   179 ||   274
Block: Buckler           |    23 |    19 |   113 ||   155

Table legend: (Time is in decaauts)
 A = Elapsed time spent in this place.
 B = Non-inter-level travel time spent in this place.
 C = Inter-level travel time spent in this place.
 D = Time resting spent in this place.
 E = Time spent auto-exploring this place.
 F = Levels seen in this place.
 G = Mean time per level.
                   A        B        C        D        E       F      G
               +--------+--------+--------+--------+--------+-----+--------+
         Total |   6445 |   6259 |    186 |    509 |   3136 |   9 |  716.1 |
       Dungeon |   6100 |   5914 |    186 |    509 |   3136 |   7 |  871.4 |
         Abyss |     21 |     21 |      0 |      0 |      0 |   1 |   21.0 |
        Bailey |    323 |    323 |      0 |      0 |      0 |   1 |  323.0 |
               +--------+--------+--------+--------+--------+-----+--------+

Top non-repeatable levels by time:
     D:2: 1211 daAuts
     D:5: 1053 daAuts
     D:4: 983 daAuts
     D:6: 925 daAuts
     D:3: 905 daAuts
     D:1: 783 daAuts
  Bailey: 323 daAuts
     D:7: 237 daAuts
 Abyss:1: 21 daAuts
